CCBL
HYANNIS HARBOR HAWKS @ FALMOUTH COMMODORES
03/06/2060
 
TOP OF THE 1ST
Hyannis Harbor Hawks batting - Pitching for Falmouth Commodores : RHP Andy Crowe
Pitching: RHP Andy Crowe
Batting: RHB Seth Leimer 0-0: Ball
1-0: Foul Ball, location: 2F
1-1: Foul Ball, location: 2F
1-2: Foul Ball, location: 2F
1-2: Ball
2-2: Strikes out swinging
Batting: RHB Jim Jimenez 0-0: Ball
1-0: Called Strike
1-1: Foul Ball, location: 2F
1-2: Foul Ball, location: 2F
1-2: Ball
2-2: Ground out 6-3 (Groundball, 6M, EV 100.0 MPH)
Batting: RHB Raymond Trainor 0-0: Foul Ball, location: 2F
0-1: Ball
1-1: Ball
2-1: Ball
3-1: Called Strike
3-2: Base on Balls
Batting: RHB Jalen Olenick 0-0: Ball
1-0: Ball
2-0: Called Strike
2-1: Hit by Pitch
Raymond Trainor to second
Batting: RHB Max Herndon 0-0: Ground out 3-1 (Groundball, 34, EV 93.8 MPH)
Top of the 1st over - 0 runs, 0 hits, 0 errors, 2 left on base; Hyannis 0 - Falmouth 0
BOTTOM OF THE 1ST
Falmouth Commodores batting - Pitching for Hyannis Harbor Hawks : RHP Derek Hannon
Pitching: RHP Derek Hannon
Batting: RHB Havelock Norris 0-0: Ball
1-0: Ball
2-0: Called Strike
2-1: DOUBLE (Groundball, 5L, EV 107.5 MPH)
Batting: LHB Kal Nagatoshi 0-0: Ball
1-0: Foul Ball, location: 2F
1-1: Foul Ball, location: 2F
1-2: Foul Ball, location: 2F
1-2: Foul Ball, location: 2F
1-2: DOUBLE (Line Drive, 5D, EV 108.8 MPH)
Havelock Norris scores
Pitching: RHP Harrison LaPerle
Batting: RHB Scott Carey 0-0: Swinging Strike
0-1: Called Strike
0-2: Foul Ball, location: 2F
0-2: Foul Ball, location: 2F
0-2: Reached on error, E6 (Groundball, 6M, EV 86.9 MPH)
Kal Nagatoshi to third
Batting: LHB Joey Erickson 0-0: Swinging Strike
0-1: Ball
1-1: Ball
2-1: Foul Ball, location: 2F
2-2: Ball
3-2: Fly out, F9 (Flyball, 9S, EV 95.0 MPH)
Batting: RHB Jakob Davis 0-0: Swinging Strike
0-1: Foul Ball, location: 2F
0-2: Fly out, F7 (Line Drive, 7S, EV 96.9 MPH)
Batting: RHB Bradley Milsap 0-0: Foul Ball, location: 2F
0-1: Foul Ball, location: 2F
0-2: Foul Ball, location: 2F
0-2: Ball
1-2: Strikes out swinging
Bottom of the 1st over - 1 run, 2 hits, 1 error, 2 left on base; Hyannis 0 - Falmouth 1
TOP OF THE 2ND
Hyannis Harbor Hawks batting - Pitching for Falmouth Commodores : RHP Andy Crowe
Batting: RHB Payton Mooney 0-0: Ball
1-0: Ground out U3 (Groundball, 34, EV 90.0 MPH)
Batting: RHB Elliott Osby 0-0: Called Strike
0-1: Foul Ball, location: 2F
0-2: Ball
1-2: Strikes out swinging
Batting: RHB Eric Matthews 0-0: Foul Ball, location: 2F
0-1: Foul Ball, location: 2F
0-2: Ball
1-2: Ball
2-2: Foul Ball, location: 2F
2-2: Strikes out swinging
Top of the 2nd over - 0 runs, 0 hits, 0 errors, 0 left on base; Hyannis 0 - Falmouth 1
BOTTOM OF THE 2ND
Falmouth Commodores batting - Pitching for Hyannis Harbor Hawks : RHP Harrison LaPerle
Batting: SHB Mathew Byrd 0-0: Ball
1-0: SINGLE (Groundball, 13S, EV 68.1 MPH) (infield hit)
Batting: RHB Jericho Langlois 0-0: Fly out, F8 (Flyball, 8LD, EV 95.0 MPH)
Batting: LHB Gavin Hayden 0-0: Called Strike
0-1: Fly out, F7 (Line Drive, 7, EV 96.9 MPH)
Batting: RHB Havelock Norris 0-0: Called Strike
0-1: Swinging Strike
0-2: Ball
1-2: Ball
2-2: Foul Ball, location: 2F
2-2: Ball
3-2: SINGLE (Line Drive, 89S, EV 86.9 MPH)
Mathew Byrd to second
Mathew Byrd to third
Batting: LHB Kal Nagatoshi 0-0: Foul Ball, location: 2F
0-1: Ball
1-1: Swinging Strike
1-2: Foul Ball, location: 2F
1-2: Ball
2-2: Ball
3-2: Base on Balls
Havelock Norris to second
Batting: RHB Scott Carey 0-0: Called Strike
0-1: Ball
1-1: Called Strike
1-2: Ball
2-2: Ball
3-2: GRAND SLAM HOME RUN (Flyball, 7D, EV 99.4 MPH), Distance : 388 ft
Pitching: RHP Logan Henry
Batting: LHB Joey Erickson 0-0: Fly out, F8 (Flyball, 8RXD, EV 107.5 MPH)
Bottom of the 2nd over - 4 runs, 3 hits, 0 errors, 0 left on base; Hyannis 0 - Falmouth 5
TOP OF THE 3RD
Hyannis Harbor Hawks batting - Pitching for Falmouth Commodores : RHP Andy Crowe
Batting: RHB Norense Montoya 0-0: Ball
1-0: Ball
2-0: SINGLE (Line Drive, 8RS, EV 101.9 MPH)
Batting: RHB Seth Leimer 0-0: Ball
1-0: Foul Ball, location: 2F
1-1: Ball
2-1: Swinging Strike
2-2: Foul Ball, location: 2F
2-2: Strikes out swinging
Batting: RHB Jim Jimenez 0-0: Ball
1-0: Ball
2-0: Called Strike
2-1: SINGLE (Groundball, 4MD, EV 110.6 MPH)
Norense Montoya to second
Batting: RHB Raymond Trainor 0-0: Grounds into double play, 6-4-3 (Groundball, 6S, EV 86.9 MPH)
Top of the 3rd over - 0 runs, 2 hits, 0 errors, 1 left on base; Hyannis 0 - Falmouth 5
BOTTOM OF THE 3RD
Falmouth Commodores batting - Pitching for Hyannis Harbor Hawks : RHP Logan Henry
Batting: RHB Jakob Davis 0-0: Fly out, F8 (Flyball, 8LS, EV 94.4 MPH)
Batting: RHB Bradley Milsap 0-0: Ball
1-0: Swinging Strike
1-1: Called Strike
1-2: Fly out, F9 (Flyball, 9LD, EV 96.2 MPH)
Batting: SHB Mathew Byrd 0-0: Called Strike
0-1: Ground out 6-3 (Groundball, 6MS, EV 86.2 MPH)
Bottom of the 3rd over - 0 runs, 0 hits, 0 errors, 0 left on base; Hyannis 0 - Falmouth 5
TOP OF THE 4TH
Hyannis Harbor Hawks batting - Pitching for Falmouth Commodores : RHP Andy Crowe
Batting: RHB Jalen Olenick 0-0: Called Strike
0-1: Ball
1-1: Swinging Strike
1-2: Strikes out swinging
Batting: RHB Max Herndon 0-0: Ground out 5-3 (Groundball, 5S, EV 88.1 MPH)
Batting: RHB Payton Mooney 0-0: Ground out 6-3 (Groundball, 6, EV 105.0 MPH)
Top of the 4th over - 0 runs, 0 hits, 0 errors, 0 left on base; Hyannis 0 - Falmouth 5
BOTTOM OF THE 4TH
Falmouth Commodores batting - Pitching for Hyannis Harbor Hawks : RHP Logan Henry
Batting: RHB Jericho Langlois 0-0: Ball
1-0: Ball
2-0: Fly out, F4 (Line Drive, 4M, EV 71.2 MPH)
Batting: LHB Gavin Hayden 0-0: Foul Ball, location: 2F
0-1: Called Strike
0-2: Ball
1-2: Ball
2-2: Ball
3-2: Base on Balls
Batting: RHB Havelock Norris 0-0: Ball
1-0: Foul Ball, location: 2F
1-1: Called Strike
1-2: Strikes out swinging
Batting: LHB Kal Nagatoshi 0-0: SINGLE (Line Drive, 78S, EV 99.4 MPH)
Gavin Hayden to second
Batting: RHB Scott Carey 0-0: Called Strike
0-1: Fly out, F8 (Flyball, 8LM, EV 82.5 MPH)
Bottom of the 4th over - 0 runs, 1 hit, 0 errors, 2 left on base; Hyannis 0 - Falmouth 5
TOP OF THE 5TH
Hyannis Harbor Hawks batting - Pitching for Falmouth Commodores : RHP Andy Crowe
Batting: RHB Elliott Osby 0-0: Foul Ball, location: 2F
0-1: Foul Ball, location: 2F
0-2: Fly out, F9 (Flyball, 9LD, EV 101.2 MPH)
Batting: RHB Eric Matthews 0-0: Ball
1-0: Ball
2-0: Called Strike
2-1: Ball
3-1: Base on Balls
Batting: RHB Norense Montoya 0-0: Called Strike
0-1: Ball
1-1: Swinging Strike
1-2: Fielders Choice at 2nd, 6-4 (Groundball, 6, EV 87.5 MPH)
Batting: RHB Seth Leimer 0-0: Fielders Choice at 2nd, 6-4 (Groundball, 6, EV 79.4 MPH)
Top of the 5th over - 0 runs, 0 hits, 0 errors, 1 left on base; Hyannis 0 - Falmouth 5
BOTTOM OF THE 5TH
Falmouth Commodores batting - Pitching for Hyannis Harbor Hawks : RHP Logan Henry
Batting: LHB Joey Erickson 0-0: Foul Ball, location: 2F
0-1: Ball
1-1: SINGLE (Flyball, 5D, EV 82.5 MPH) - OUT at second base trying to stretch hit.
Batting: RHB Jakob Davis 0-0: Ground out 4-3 (Groundball, 4, EV 98.1 MPH)
Batting: RHB Bradley Milsap 0-0: Ball
1-0: Fly out, F4 (Line Drive, 4, EV 72.5 MPH)
Bottom of the 5th over - 0 runs, 1 hit, 0 errors, 0 left on base; Hyannis 0 - Falmouth 5
TOP OF THE 6TH
Hyannis Harbor Hawks batting - Pitching for Falmouth Commodores : RHP Andy Crowe
Batting: RHB Jim Jimenez 0-0: Called Strike
0-1: Called Strike
0-2: Ball
1-2: Ball
2-2: Ball
3-2: Fly out, F8 (Line Drive, 8RM, EV 112.5 MPH)
Batting: RHB Raymond Trainor 0-0: Ball
1-0: Called Strike
1-1: Ball
2-1: Foul Ball, location: 2F
2-2: Foul Ball, location: 2F
2-2: Foul Ball, location: 2F
2-2: Foul Ball, location: 2F
2-2: Foul Ball, location: 2F
2-2: Foul Ball, location: 2F
2-2: Strikes out swinging
Batting: RHB Jalen Olenick 0-0: Ball
1-0: SINGLE (Line Drive, 34, EV 103.1 MPH)
Pitching: RHP Billy McNamara
Batting: RHB Max Herndon 0-0: DOUBLE (Line Drive, 8RXD, EV 98.8 MPH)
Jalen Olenick to third
Runner from 3rd tries for Home, SAFE, throw by CF to home
Batting: RHB Payton Mooney 0-0: Ball
1-0: Ball
2-0: Ground out 5-3 (Groundball, 5, EV 86.9 MPH)
Top of the 6th over - 1 run, 2 hits, 0 errors, 1 left on base; Hyannis 1 - Falmouth 5
BOTTOM OF THE 6TH
Falmouth Commodores batting - Pitching for Hyannis Harbor Hawks : RHP Logan Henry
Batting: SHB Mathew Byrd 0-0: Fly out, F7 (Line Drive, 7D, EV 93.1 MPH)
Batting: RHB Jericho Langlois 0-0: Ball
1-0: Called Strike
1-1: SINGLE (Flyball, 9S, EV 86.9 MPH)
Batting: LHB Gavin Hayden 0-0: Called Strike
0-1: SINGLE (Groundball, 6D, EV 101.2 MPH)
Jericho Langlois to second
Batting: RHB Havelock Norris 0-0: Called Strike
0-1: Foul Ball, location: 2F
0-2: Foul Ball, location: 2F
0-2: Foul Ball, location: 2F
0-2: Grounds into double play, 6-4-3 (Groundball, 6, EV 85.0 MPH)
Bottom of the 6th over - 0 runs, 2 hits, 0 errors, 1 left on base; Hyannis 1 - Falmouth 5
TOP OF THE 7TH
Hyannis Harbor Hawks batting - Pitching for Falmouth Commodores : RHP Billy McNamara
Batting: RHB Elliott Osby 0-0: Foul Ball, location: 2F
0-1: Ball
1-1: Ball
2-1: Foul Ball, location: 2F
2-2: Foul Ball, location: 2F
2-2: Ball
3-2: Base on Balls
Batting: RHB Eric Matthews 0-0: Called Strike
0-1: Ball
1-1: Foul Ball, location: 2F
1-2: Ball
2-2: Foul Ball, location: 2F
2-2: Strikes out swinging
Batting: RHB Norense Montoya 0-0: Called Strike
0-1: Called Strike
Elliott Osby steals 2nd base
0-2: Ball
1-2: Ball
2-2: Ground out 6-3 (Groundball, 6S, EV 66.2 MPH)
Elliott Osby to third
Batting: RHB Seth Leimer 0-0: Called Strike
0-1: Ball
1-1: Foul Ball, location: 2F
1-2: Ball
2-2: Strikes out looking
Top of the 7th over - 0 runs, 0 hits, 0 errors, 1 left on base; Hyannis 1 - Falmouth 5
BOTTOM OF THE 7TH
Falmouth Commodores batting - Pitching for Hyannis Harbor Hawks : RHP Logan Henry
Batting: LHB Kal Nagatoshi 0-0: Foul Ball, location: 2F
0-1: SINGLE (Groundball, 56S, EV 73.8 MPH) (infield hit)
Batting: RHB Scott Carey 0-0: Ball
1-0: Ball
2-0: Ball
3-0: Base on Balls
Kal Nagatoshi to second
Pitching: RHP Branden Lynch
Batting: LHB Joey Erickson 0-0: Ball
1-0: Foul Ball, location: 2F
1-1: Fly out, F8 (Line Drive, 8LM, EV 93.1 MPH)
Batting: RHB Jakob Davis 0-0: Ball
1-0: Foul Ball, location: 2F
1-1: Ball
2-1: Ball
3-1: Foul Ball, location: 2F
3-2: Strikes out swinging
Batting: RHB Bradley Milsap 0-0: Called Strike
0-1: Ball
1-1: Fielders Choice at 2nd, 6-4 (Groundball, 6, EV 85.0 MPH)
Bottom of the 7th over - 0 runs, 1 hit, 0 errors, 2 left on base; Hyannis 1 - Falmouth 5
TOP OF THE 8TH
Hyannis Harbor Hawks batting - Pitching for Falmouth Commodores : RHP Billy McNamara
Batting: RHB Jim Jimenez 0-0: Ball
1-0: Called Strike
1-1: SINGLE (Line Drive, 78S, EV 96.2 MPH)
Batting: RHB Raymond Trainor 0-0: Called Strike
0-1: Ball
1-1: Foul Ball, location: 2F
1-2: Ball
2-2: Ball
3-2: DOUBLE (Line Drive, 9LD, EV 104.4 MPH)
Jim Jimenez to third
Pitching: RHP Nelson Pickard
Batting: RHB Jalen Olenick 0-0: Ball
1-0: Called Strike
1-1: Called Strike
1-2: Fly out, F7 (Flyball, 7LS, EV 73.8 MPH)
Batting: RHB Max Herndon 0-0: Ball
1-0: Ball
2-0: Called Strike
2-1: Ground out 6-3 (Groundball, 6, EV 78.1 MPH)
Jim Jimenez scores
Raymond Trainor to third
Batting: RHB Payton Mooney 0-0: Foul Ball, location: 2F
0-1: Ball
1-1: Called Strike
1-2: Foul Ball, location: 2F
1-2: SINGLE (Line Drive, 9LS, EV 105.0 MPH)
Raymond Trainor scores
Batting: RHB Elliott Osby 0-0: Called Strike
0-1: Foul Ball, location: 2F
0-2: Strikes out swinging
Top of the 8th over - 2 runs, 3 hits, 0 errors, 1 left on base; Hyannis 3 - Falmouth 5
BOTTOM OF THE 8TH
Falmouth Commodores batting - Pitching for Hyannis Harbor Hawks : RHP Branden Lynch
Batting: SHB Mathew Byrd 0-0: Ground out U3 (Groundball, 34S, EV 82.5 MPH)
Batting: RHB Jericho Langlois 0-0: Called Strike
0-1: Ball
1-1: Ball
2-1: Called Strike
2-2: Fly out, F4 (Popup, 4M, EV 57.5 MPH)
Batting: LHB Gavin Hayden 0-0: Called Strike
0-1: Called Strike
0-2: Foul Ball, location: 2F
0-2: Fly out, F8 (Line Drive, 8LS, EV 86.2 MPH)
Bottom of the 8th over - 0 runs, 0 hits, 0 errors, 0 left on base; Hyannis 3 - Falmouth 5
TOP OF THE 9TH
Hyannis Harbor Hawks batting - Pitching for Falmouth Commodores : RHP Nelson Pickard
Pitching: RHP Carter Hobkirk
Batting: RHB Eric Matthews 0-0: Foul Ball, location: 2F
0-1: Ball
1-1: Called Strike
1-2: Strikes out swinging
Batting: RHB Norense Montoya 0-0: Called Strike
0-1: Foul Ball, location: 2F
0-2: Ball
1-2: Strikes out swinging
Batting: RHB Seth Leimer 0-0: Called Strike
0-1: Ball
1-1: Swinging Strike
1-2: Strikes out looking
Top of the 9th over - 0 runs, 0 hits, 0 errors, 0 left on base; Hyannis 3 - Falmouth 5
Wednesday, April 17th , 2024 - OOTP Baseball 23.10 Build 110